 Dungeon Crawl Stone Soup version 0.21.1-1-g345015fe64 (webtiles) character file.

3670 RepoMan the Covert (level 10, -18/109 HPs)
             Began as a Vine Stalker Assassin on Apr 22, 2018.
             Was an Elder of Wu Jian.
             Demolished by an orc warrior
             ... wielding a +0 halberd
              (24 damage)
             ... in a bailey.
             The game lasted 01:35:11 (7546 turns).

RepoMan the Covert (Vine Stalker Assassin)          Turns: 7546, Time: 01:35:11

Health: -18/109    AC: 25    Str: 19    XL:     10   Next: 13%
Magic:  0/20       EV:  2    Int: 11    God:    Wu Jian [****..]
Gold:   170        SH:  0    Dex: 24    Spells: 10/22 levels left

rFire    . . .     SeeInvis +   a - +2 dagger
rCold    . . .     Gourm    .   (no shield)
rNeg     + + +     Faith    .   (armour currently unavailable)
rPois    +         Spirit   +   (helmet currently unavailable)
rElec    .         Reflect  .   (cloak currently unavailable)
rCorr    .         Harm     .   (gloves currently unavailable)
MR       +....     NoTele   +   (boots currently unavailable)
Stlth    ..........             (no amulet)
HPRegen  0.68/turn              i - ring of poison resistance
MPRegen  0.17/turn              f - ring of see invisible

@: mighty, agile, berserking (expiring), tree-form, very slightly contaminated,
very quick
A: regeneration 1, magic shield, no potion heal 3, rot immunity
a: Wall Jump, Serpent's Lash, Renounce Religion


You were in a bailey.
You worshipped Wu Jian.
Wu Jian was greatly pleased with you.
You were not hungry.
You were a tree.
You visited 1 branch of the dungeon, and saw 7 of its levels.
You also visited: Bailey.

You collected 402 gold pieces.
You spent 232 gold pieces at shops.

Inventory:

Hand Weapons
 a - a +2 dagger (weapon)
 b - a +0 blowgun
 I - the +1 halberd "Daeferaw" {drain, Dex+4 SInv Stlth+, unknown}
   (You found it on level 7 of the Dungeon)

   A truly terrible weapon, it drains the life of those it strikes.
   It affects your dexterity (+4).
   It lets you see invisible.
   It makes you more stealthy.
Missiles
 e - 5 poisoned needles
Armour
 c - a +0 robe (melded)
 d - a +1 cloak (melded)
 w - a +0 helmet (melded)
 B - a +2 pair of boots (melded)
 F - the cursed +0 robe of the Moneychanger {Slay+3}
   (You bought it in a shop on level 5 of the Dungeon)

   It affects your accuracy and damage with ranged weapons and melee attacks
   (+3).
   It has a curse placed upon it.
Magical Staves
 E - an uncursed staff of cold
Jewellery
 f - a ring of see invisible (right branch)
 i - a ring of poison resistance (left branch)
 m - a +3 ring of intelligence
 y - an uncursed ring of ice {unknown}
Wands
 v - a wand of iceblast (1)
Scrolls
 h - 3 scrolls of immolation
 j - a scroll of identify
 k - 3 scrolls of amnesia
 l - 2 scrolls of magic mapping
 C - a scroll of acquirement {unknown}
 K - a scroll of enchant armour
Potions
 n - 6 potions of curing
 r - 2 potions of heal wounds {unknown}
 s - a potion of brilliance
 u - a potion of might
 z - a potion of cancellation {unknown}
 D - a potion of ambrosia {unknown}
 G - 2 potions of haste {unknown}
 J - 2 potions of invisibility {unknown}
 L - 2 potions of resistance {unknown}
Books
 o - a book of Maledictions

   Spells                             Type                      Level
   a - Corona                         Hexes                        1
   b - Ensorcelled Hibernation        Hexes/Ice                    2
   c - Confuse                        Hexes                        3
   d - Tukima's Dance                 Hexes                        3
   e - Dazzling Spray                 Conjuration/Hexes            3
 x - a book of Battle

   Spells                             Type                      Level
   a - Infusion                       Charms                       1
   b - Shroud of Golubria             Charms/Translocation         2
   c - Song of Slaying                Charms                       2
   d - Spectral Weapon                Hexes/Charms                 3
   e - Regeneration                   Charms/Necromancy            3
 A - a book of Misfortune

   Spells                             Type                      Level
   a - Confusing Touch                Hexes                        1
   b - Confuse                        Hexes                        3
   c - Gell's Gravitas                Translocation                3
   d - Petrify                        Transmutation/Earth          4
   e - Metabolic Englaciation         Hexes/Ice                    5
   f - Yara's Violent Unravelling     Hexes/Transmutation          5
Comestibles
 g - 13 rations
 H - a chunk of flesh


   Skills:
 + Level 3.2 Fighting
 * Level 6.1 Short Blades
 - Level 1.7 Throwing
 + Level 3.6 Dodging
 * Level 9.8 Stealth
 + Level 6.5 Spellcasting
 + Level 6.5 Hexes


You had 10 spell levels left.
You knew the following spells:

 Your Spells              Type           Power        Failure   Level  Hunger
a - Corona                Hex            ###....      1%          1    None
c - Confuse               Hex            ###.....     3%          3    ###....
d - Dazzling Spray        Conj/Hex       ##....       14%         3    ###....
t - Tukima's Dance        Hex            ###.....     3%          3    ###....
z - Ensorcelled Hibernat  Hex/Ice        ##....       8%          2    ##.....


Dungeon Overview and Level Annotations

Branches:
Dungeon (7/15)             Temple (0/1) D:7

Altars:
Ashenzari
Elyvilon
Makhleb
Nemelex Xobeh
Okawaru
Vehumet
Wu Jian
Xom
Yredelemnul

Shops:
D:5 [   D:6 ?[?!

Annotations:
D:3 Toogi's ghost, amateur BaSk


Innate Abilities, Weirdness & Mutations

((You have razor-sharp teeth.))
Your natural rate of healing is unusually fast.
When hurt, damage is shared between your health and your magic reserves.
((Your bite disrupts and absorbs the magic of your enemies.))
Potions cannot restore your health.
You are immune to rotting.


Message History

The orc warrior completely misses you.
You are too berserk!
You puncture the orc knight!
The orc knight is almost dead.
The orc knight hits you but does no damage.
You barely miss the orc knight.
The orc knight is almost dead.
The orc hits you but does no damage.
The orc warrior hits you from afar with a halberd.
* * * LOW HITPOINT WARNING * * *
You hit the orc knight but do no damage.
The orc knight is almost dead.
You hit the orc knight.
The orc knight is almost dead.
The orc knight hits you but does no damage.
The orc hits you but does no damage.
You hit the orc knight but do no damage.
The orc knight is almost dead.
The orc warrior hits you from afar with a halberd!!
You die...

####### ############
####.....## ##........∩.##
..#....)..######............#
..'...).))#...o#............#
o.'....)).)...oo♣..)..)....∩#
..'......)#....#..))))......#
..#.......######...)[)).....#
####.....## ##.....)..∩.##
####### ############


You could see an orc knight, an orc warrior and an orc.

Vanquished Creatures
  Grinder (D:6)
  A sky beast (D:5)
  2 phantoms
  7 orc warriors
  A black bear (D:6)
  2 ice beasts (D:5)
  4 ogres
  2 centaurs (D:6)
  3 bullfrogs (D:6)
  A gnoll sergeant (D:3)
  2 scorpions (D:6)
  2 howler monkeys (D:5)
  4 crimson imps
  3 jellies
  A bullfrog zombie (D:6)
  2 hounds
  5 orc priests
  A centaur skeleton (D:7)
  A gnoll shaman (D:4)
  2 orc wizards
  4 worker ants
  Robin (D:3)
  48 gnolls
  2 howler monkey skeletons (D:5)
  3 adders
  A shadow imp (D:6)
  An adder skeleton (D:6)
  3 worms
  2 dart slugs (D:1)
  6 leopard geckos
  36 orcs
  4 giant cockroaches
  12 hobgoblins
  22 jackals
  2 quokkas
  8 bats
  5 frilled lizards
  10 goblins
  A jackal skeleton (D:6)
  11 kobolds
  A leopard gecko skeleton (D:4)
  6 rats
236 creatures vanquished.

Vanquished Creatures (collateral kills)
  2 gnolls
  An orc (Bailey)
3 creatures vanquished.

Vanquished Creatures (others)
  5 dancing weapons
5 creatures vanquished.

Grand Total: 244 creatures vanquished

Notes
Turn   | Place    | Note
-------+----------+-------------------------------------------
     0 | D:1      | RepoMan the Vine Stalker Assassin began the quest for the Orb.
     0 | D:1      | Reached XP level 1. HP: 11/11 MP: 2/2
   208 | D:1      | Reached skill level 5 in Stealth
   351 | D:1      | Reached skill level 1 in Dodging
   351 | D:1      | Reached XP level 2. HP: 15/15 MP: 3/3
   786 | D:1      | Reached XP level 3. HP: 14/18 MP: 2/4
  1322 | D:2      | Learned a level 1 spell: Corona
  1339 | D:2      | Found a burning altar of Makhleb.
  1421 | D:2      | Found a shattered altar of Ashenzari.
  1421 | D:2      | Found a radiant altar of Vehumet.
  1421 | D:2      | Found a shimmering altar of Xom.
  1423 | D:2      | Found an iron altar of Okawaru.
  1424 | D:2      | Found a white marble altar of Elyvilon.
  1863 | D:3      | Gained mutation: Your natural rate of healing is unusually fast. [Vine Stalker growth]
  1863 | D:3      | Reached XP level 4. HP: 22/23 MP: 5/5
  1892 | D:3      | Noticed Robin
  1994 | D:4      | Reached skill level 6 in Stealth
  1994 | D:4      | Reached XP level 5. HP: 13/26 MP: 3/7
  1996 | D:4      | Reached skill level 1 in Spellcasting
  1996 | D:4      | Reached skill level 1 in Hexes
  2378 | D:4      | Reached XP level 6. HP: 30/30 MP: 9/9
  2543 | D:4      | Found an ornate altar of the Wu Jian Council.
  2547 | D:4      | Became a worshipper of the Wu Jian Council
  2556 | D:4      | Found a basalt altar of Yredelemnul.
  2994 | D:4      | Reached skill level 7 in Stealth
  3064 | D:4      | Reached XP level 7. HP: 30/34 MP: 10/10
  3270 | D:4      | Reached * piety under Wu Jian
  3900 | D:3      | Noticed Toogi's ghost (amateur BaSk)
  3993 | D:3      | Killed Robin
  3993 | D:3      | Reached ** piety under Wu Jian
  4242 | D:3      | Gained mutation: You have razor-sharp teeth. [Vine Stalker growth]
  4242 | D:3      | Reached XP level 8. HP: 38/38 MP: 13/13
  4279 | D:2      | Learned a level 2 spell: Ensorcelled Hibernation
  4283 | D:2      | Learned a level 3 spell: Confuse
  4287 | D:2      | Learned a level 3 spell: Tukima's Dance
  4947 | D:5      | Entered Level 5 of the Dungeon
  5240 | D:5      | Reached *** piety under Wu Jian
  5328 | D:5      | Found Xiet's Antique Armour Boutique.
  5348 | D:5      | Bought a transparent robe for 125 gold pieces
  5348 | D:5      | Identified the cursed +0 robe of the Moneychanger {Slay+3} (You bought it in a shop on level 5 of the Dungeon)
  5581 | D:5      | Reached skill level 5 in Spellcasting
  5581 | D:5      | Reached skill level 5 in Hexes
  5726 | D:5      | Reached XP level 9. HP: 42/42 MP: 18/18
  5885 | D:5      | Learned a level 3 spell: Dazzling Spray
  6026 | D:6      | Reached skill level 8 in Stealth
  6132 | D:6      | Found Jisak's Antique Armour Shoppe.
  6155 | D:6      | Found Leykeligh's Magic Scroll Shoppe.
  6171 | D:6      | Bought a scroll of identify for 20 gold pieces
  6171 | D:6      | Bought a scroll of blinking for 75 gold pieces
  6175 | D:6      | Noticed a cyan ugly thing
  6290 | D:6      | Found Xunwum's Distillery.
  6297 | D:6      | Bought a potion of degeneration for 12 gold pieces
  6356 | D:6      | Reached skill level 5 in Short Blades
  6627 | D:6      | Noticed a purple ugly thing
  6641 | D:6      | Reached skill level 9 in Stealth
  6752 | D:6      | Found a sparkling altar of Nemelex Xobeh.
  6752 | D:6      | Noticed Grinder
  6892 | D:6      | Killed Grinder
  6970 | D:6      | Found Opallo's Magic Scroll Boutique.
  7094 | D:7      | Found a flagged portal.
  7103 | D:7      | Got a polished halberd
  7127 | Bailey   | Entered a bailey
  7136 | Bailey   | Reached XP level 10. HP: 49/49 MP: 20/20
  7221 | Bailey   | Reached **** piety under Wu Jian
  7486 | Bailey   | Noticed an orc knight
  7543 | Bailey   | HP: 5/109 [orc warrior/halberd (3)]
  7546 | Bailey   | Demolished by an orc warrior

Skill      XL: |  1  2  3  4  5  6  7  8  9 10 |
---------------+-------------------------------+-----
Stealth        | 5 6 7 9 |  9.8
Short Blades   | 2 3 4 5 6 |  6.1
Dodging        | 1 2 3 |  3.6
Spellcasting   | 1 3 5 6 |  6.5
Hexes          | 1 3 5 6 |  6.5
Fighting       | 3 |  3.2
Throwing       | |  1.7

Action                   |  1- 3 |  4- 6 |  7- 9 | 10-12 || total
-------------------------+-------+-------+-------+-------++-------
Melee: Dagger            |    92 |   160 |   590 |    51 ||   893
       Bite              |    12 |    55 |   217 |    11 ||   295
       Blowgun           |       |       |     2 |       ||     2
 Fire: Blowgun           |       |    22 |    34 |     6 ||    62
Throw: Throwing net      |       |       |     1 |       ||     1
 Cast: Corona            |       |       |     3 |       ||     3
       Confuse           |       |       |    30 |     3 ||    33
       Tukima's Dance    |       |       |    12 |     5 ||    17
       Ensorcelled Hiber |       |       |     2 |     2 ||     4
       Dazzling Spray    |       |       |       |     1 ||     1
Invok: Lunge             |       |     9 |   103 |     4 ||   116
       Whirlwind         |       |       |   146 |     8 ||   154
       Wall Jump         |       |       |     5 |     1 ||     6
Evoke: Wand              |       |       |     4 |     7 ||    11
  Use: Scroll            |       |     5 |    10 |     2 ||    17
       Potion            |       |     2 |     2 |     4 ||     8
 Stab: Sleeping          |     9 |     3 |    25 |       ||    37
       Confused          |       |       |     8 |       ||     8
       Distracted        |       |       |     6 |       ||     6
       Held in net/web   |       |       |     1 |       ||     1
  Eat: Chunk             |     3 |     4 |    12 |     2 ||    21
       Ration            |       |       |     2 |       ||     2
Armor: Robe              |    12 |    21 |    82 |     4 ||   119
       Skin              |       |       |       |    10 ||    10
Dodge: Dodged            |    32 |    62 |   252 |    20 ||   366
